Workbook
Name Activities: [1]Lists!$B$2:$B$21
Name Budgetitemsactivities: [1]Lists!$E$2:$E$50
Name Budgetitemsadmin: [1]Lists!$F$2:$F$33
Name MandE: [1]Lists!$H$2:$H$3
Name Personnel: [1]Lists!$G$2:$G$33
Name UnitofMeasure: [1]Lists!$C$2:$C$21

Sheet Budget summary
B3: Budget Summary
B4: Cost Category | C4: Budget Amount | D4: %
B5: ='Detailed Budget '!D81 -> SG- Administrative Cost - Personnel | C5: ='Detailed Budget '!W88 -> 0 | D5: =IF(C8,C5/C8,0) -> 0
B6: ='Detailed Budget '!D89 -> SG- Administrative Cost - Office Running | C6: ='Detailed Budget '!W102 -> 0 | D6: =IF(C8,C6/C8,0) -> 0
B7: ='Detailed Budget '!B10 -> SG-Direct Implementation Cost - Activities | C7: ='Detailed Budget '!W79 -> 0 | D7: =IF(C8,C7/C8,0) -> 0
B8: Total Amount | C8: =SUM(C5:C7) -> 0 | D8: =IF(C8,C8/C8,0) -> 0

Sheet Detailed Budget 
B1: Country: | C1: Kenya
B2: Project Title: | C2: SUPREME Lifelines Kenya
B3: Intervention: | C3: XXX
B4: Implementer: | C4: Sub-Grantee Name | I4: BUDGET TEMPLATE
B5: Target County: | C5: XXX
B6: Grant Period: | C6: 1 November 2026 - 31st October 2027
B8: Activity Code | C8: EXPENDITURE DESCRIPTION/ACTIVITY | D8: Outcome Area | E8: Unit of Measure | F8: No. of Units | G8: Frequency | H8: Unit Rate (Kshs) | I8: No. of Sessions | J8: Total Costs | W8: Totals
K9: 46327 | L9: 46357 | M9: 46388 | N9: 46419 | O9: 46447 | P9: 46478 | Q9: 46508 | R9: 46539 | S9: 46569 | T9: 46600 | U9: 46631 | V9: 46661
B10: SG-Direct Implementation Cost - Activities
C11: Activity 1 : XXXX | D11: Outcome 1
F12: 1 | G12: 1 | H12: 1 | I12: 1 | J12: =I12*H12*G12*F12 -> 1 | W12: =SUM(K12:V12) -> 0
F13: 1 | G13: 1 | H13: 1 | I13: 1 | J13: =I13*H13*G13*F13 -> 1 | W13: =SUM(K13:V13) -> 0
F14: 1 | G14: 1 | H14: 1 | I14: 1 | J14: =I14*H14*G14*F14 -> 1 | W14: =SUM(K14:V14) -> 0
F15: 1 | G15: 1 | H15: 1 | I15: 1 | J15: =I15*H15*G15*F15 -> 1 | W15: =SUM(K15:V15) -> 0
F16: 1 | G16: 1 | H16: 1 | I16: 1 | J16: =I16*H16*G16*F16 -> 1 | W16: =SUM(K16:V16) -> 0
C17: Sub-Total | J17: =SUM(J15:J16) -> 2 | K17: =SUM(K12:K16) -> 0 | L17: =SUM(L12:L16) -> 0 | M17: =SUM(M12:M16) -> 0 | N17: =SUM(N12:N16) -> 0 | O17: =SUM(O12:O16) -> 0 | P17: =SUM(P12:P16) -> 0 | Q17: =SUM(Q12:Q16) -> 0 | R17: =SUM(R12:R16) -> 0 | ... W17: =SUM(W12:W16) -> 0
C18: Activity 2 : XXXX | D18: Outcome 2 | W18: =SUM(K18:V18) -> 0
F19: 1 | G19: 1 | H19: 1 | I19: 1 | J19: =I19*H19*G19*F19 -> 1 | W19: =SUM(K19:V19) -> 0
F20: 1 | G20: 1 | H20: 1 | I20: 1 | J20: =I20*H20*G20*F20 -> 1 | W20: =SUM(K20:V20) -> 0
F21: 1 | G21: 1 | H21: 1 | I21: 1 | J21: =I21*H21*G21*F21 -> 1 | W21: =SUM(K21:V21) -> 0
F22: 1 | G22: 1 | H22: 1 | I22: 1 | J22: =F22*G22*H22*I22 -> 1 | W22: =SUM(K22:V22) -> 0
J23: =F23*G23*H23*I23 -> 0 | W23: =SUM(K23:V23) -> 0
C24: Sub-Total | J24: =SUM(J22:J23) -> 1 | K24: =SUM(K18:K23) -> 0 | L24: =SUM(L18:L23) -> 0 | M24: =SUM(M18:M23) -> 0 | N24: =SUM(N18:N23) -> 0 | O24: =SUM(O18:O23) -> 0 | P24: =SUM(P18:P23) -> 0 | Q24: =SUM(Q18:Q23) -> 0 | R24: =SUM(R18:R23) -> 0 | ... W24: =SUM(W18:W23) -> 0
C25: Activity 3 : XXXX | D25: Outcome 3 | J25: =F25*G25*H25*I25 -> 0 | W25: =SUM(K25:V25) -> 0
F26: 1 | G26: 1 | H26: 1 | I26: 1 | J26: =F26*G26*H26*I26 -> 1 | W26: =SUM(K26:V26) -> 0
F27: 1 | G27: 1 | H27: 1 | I27: 1 | J27: =F27*G27*H27*I27 -> 1 | W27: =SUM(K27:V27) -> 0
F28: 1 | G28: 1 | H28: 1 | I28: 1 | J28: =F28*G28*H28*I28 -> 1 | W28: =SUM(K28:V28) -> 0
F29: 1 | G29: 1 | H29: 1 | I29: 1 | J29: =F29*G29*H29*I29 -> 1 | W29: =SUM(K29:V29) -> 0
F30: 1 | G30: 1 | H30: 1 | I30: 1 | J30: =F30*G30*H30*I30 -> 1 | W30: =SUM(K30:V30) -> 0
F31: 1 | G31: 1 | H31: 1 | I31: 1 | J31: =F31*G31*H31*I31 -> 1 | W31: =SUM(K31:V31) -> 0
F32: 1 | G32: 1 | H32: 1 | I32: 1 | J32: =F32*G32*H32*I32 -> 1 | W32: =SUM(K32:V32) -> 0
F33: 1 | G33: 1 | H33: 1 | I33: 1 | J33: =F33*G33*H33*I33 -> 1 | W33: =SUM(K33:V33) -> 0
F34: 1 | G34: 1 | H34: 1 | I34: 1 | J34: =F34*G34*H34*I34 -> 1 | W34: =SUM(K34:V34) -> 0
F35: 1 | G35: 1 | H35: 1 | I35: 1 | J35: =F35*G35*H35*I35 -> 1 | W35: =SUM(K35:V35) -> 0
C36: Sub-Total | J36: =SUM(J26:J35) -> 10 | K36: =SUM(K25:K35) -> 0 | L36: =SUM(L25:L35) -> 0 | M36: =SUM(M25:M35) -> 0 | N36: =SUM(N25:N35) -> 0 | O36: =SUM(O25:O35) -> 0 | P36: =SUM(P25:P35) -> 0 | Q36: =SUM(Q25:Q35) -> 0 | R36: =SUM(R25:R35) -> 0 | ... W36: =SUM(W25:W35) -> 0
C37: Activity 4 : XXXX | D37: Outcome 4 | W37: =SUM(K37:V37) -> 0
F38: 1 | G38: 1 | H38: 1 | I38: 1 | J38: =F38*G38*H38*I38 -> 1 | W38: =SUM(K38:V38) -> 0
F39: 1 | G39: 1 | H39: 1 | I39: 1 | J39: =F39*G39*H39*I39 -> 1 | W39: =SUM(K39:V39) -> 0
F40: 1 | G40: 1 | H40: 1 | I40: 1 | J40: =F40*G40*H40*I40 -> 1 | W40: =SUM(K40:V40) -> 0
F41: 1 | G41: 1 | H41: 1 | I41: 1 | J41: =F41*G41*H41*I41 -> 1 | W41: =SUM(K41:V41) -> 0
F42: 1 | G42: 1 | H42: 1 | I42: 1 | J42: =F42*G42*H42*I42 -> 1 | W42: =SUM(K42:V42) -> 0
F43: 1 | G43: 1 | H43: 1 | I43: 1 | J43: =F43*G43*H43*I43 -> 1 | W43: =SUM(K43:V43) -> 0
F44: 1 | G44: 1 | H44: 1 | I44: 1 | J44: =F44*G44*H44*I44 -> 1 | W44: =SUM(K44:V44) -> 0
F45: 1 | G45: 1 | H45: 1 | I45: 1 | J45: =F45*G45*H45*I45 -> 1 | W45: =SUM(K45:V45) -> 0
F46: 1 | G46: 1 | H46: 1 | I46: 1 | J46: =F46*G46*H46*I46 -> 1 | W46: =SUM(K46:V46) -> 0
F47: 1 | G47: 1 | H47: 1 | I47: 1 | J47: =F47*G47*H47*I47 -> 1 | W47: =SUM(K47:V47) -> 0
F48: 1 | G48: 1 | H48: 1 | I48: 1 | J48: =F48*G48*H48*I48 -> 1 | W48: =SUM(K48:V48) -> 0
F49: 1 | G49: 1 | H49: 1 | I49: 1 | J49: =F49*G49*H49*I49 -> 1 | W49: =SUM(K49:V49) -> 0
... F52: 1 | G52: 1 | H52: 1 | I52: 1 | J52: =F52*G52*H52*I52 -> 1 | W52: =SUM(K52:V52) -> 0
C53: Sub-Total | J53: =SUM(J38:J52) -> 15 | K53: =SUM(K37:K52) -> 0 | L53: =SUM(L37:L52) -> 0 | M53: =SUM(M37:M52) -> 0 | N53: =SUM(N37:N52) -> 0 | O53: =SUM(O37:O52) -> 0 | P53: =SUM(P37:P52) -> 0 | Q53: =SUM(Q37:Q52) -> 0 | R53: =SUM(R37:R52) -> 0 | ... W53: =SUM(W37:W52) -> 0
C54: Activity 5 : XXXX | W54: =SUM(K54:V54) -> 0
F55: 1 | G55: 1 | H55: 1 | I55: 1 | J55: =F55*G55*H55*I55 -> 1 | W55: =SUM(K55:V55) -> 0
F56: 1 | G56: 1 | H56: 1 | I56: 1 | J56: =F56*G56*H56*I56 -> 1 | W56: =SUM(K56:V56) -> 0
F57: 1 | G57: 1 | H57: 1 | I57: 1 | J57: =F57*G57*H57*I57 -> 1 | W57: =SUM(K57:V57) -> 0
F58: 1 | G58: 1 | H58: 1 | I58: 1 | J58: =F58*G58*H58*I58 -> 1 | W58: =SUM(K58:V58) -> 0
F59: 1 | G59: 1 | H59: 1 | I59: 1 | J59: =F59*G59*H59*I59 -> 1 | W59: =SUM(K59:V59) -> 0
F60: 1 | G60: 1 | H60: 1 | I60: 1 | J60: =F60*G60*H60*I60 -> 1 | W60: =SUM(K60:V60) -> 0
F61: 1 | G61: 1 | H61: 1 | I61: 1 | J61: =F61*G61*H61*I61 -> 1 | W61: =SUM(K61:V61) -> 0
F62: 1 | G62: 1 | H62: 1 | I62: 1 | J62: =F62*G62*H62*I62 -> 1 | W62: =SUM(K62:V62) -> 0
F63: 1 | G63: 1 | H63: 1 | I63: 1 | J63: =F63*G63*H63*I63 -> 1 | W63: =SUM(K63:V63) -> 0
F64: 1 | G64: 1 | H64: 1 | I64: 1 | J64: =F64*G64*H64*I64 -> 1 | W64: =SUM(K64:V64) -> 0
F65: 1 | G65: 1 | H65: 1 | I65: 1 | J65: =F65*G65*H65*I65 -> 1 | W65: =SUM(K65:V65) -> 0
C66: Sub-Total | J66: =SUM(J55:J65) -> 11 | K66: =SUM(K54:K65) -> 0 | L66: =SUM(L54:L65) -> 0 | M66: =SUM(M54:M65) -> 0 | N66: =SUM(N54:N65) -> 0 | O66: =SUM(O54:O65) -> 0 | P66: =SUM(P54:P65) -> 0 | Q66: =SUM(Q54:Q65) -> 0 | R66: =SUM(R54:R65) -> 0 | ... W66: =SUM(W54:W65) -> 0
C67: Activity 6 : XXXX | W67: =SUM(K67:V67) -> 0
F68: 1 | G68: 1 | H68: 1 | I68: 1 | J68: =F68*G68*H68*I68 -> 1 | W68: =SUM(K68:V68) -> 0
F69: 1 | G69: 1 | H69: 1 | I69: 1 | J69: =F69*G69*H69*I69 -> 1 | W69: =SUM(K69:V69) -> 0
C70: Sub-Total | J70: =SUM(J68:J69) -> 2 | K70: =SUM(K67:K69) -> 0 | L70: =SUM(L67:L69) -> 0 | M70: =SUM(M67:M69) -> 0 | N70: =SUM(N67:N69) -> 0 | O70: =SUM(O67:O69) -> 0 | P70: =SUM(P67:P69) -> 0 | Q70: =SUM(Q67:Q69) -> 0 | R70: =SUM(R67:R69) -> 0 | ... W70: =SUM(W67:W69) -> 0
F71: 1 | G71: 1 | H71: 1 | I71: 1 | J71: =F71*G71*H71*I71 -> 1 | W71: =SUM(K71:V71) -> 0
F72: 1 | G72: 1 | H72: 1 | I72: 1 | J72: =F72*G72*H72*I72 -> 1 | W72: =SUM(K72:V72) -> 0
C73: Sub-Total | J73: =SUM(J71:J72) -> 2 | K73: =SUM(K71:K72) -> 0 | L73: =SUM(L71:L72) -> 0 | M73: =SUM(M71:M72) -> 0 | N73: =SUM(N71:N72) -> 0 | O73: =SUM(O71:O72) -> 0 | P73: =SUM(P71:P72) -> 0 | Q73: =SUM(Q71:Q72) -> 0 | ... W73: =SUM(W71:W72) -> 0
C74: Activity 7 : XXXX | D74: SG- Monitoring and Evaluation Cost - M&E | W74: =SUM(K74:V74) -> 0
F75: 1 | G75: 1 | H75: 1 | I75: 1 | J75: =F75*G75*H75*I75 -> 1 | W75: =SUM(K75:V75) -> 0
F76: 1 | G76: 1 | H76: 1 | I76: 1 | J76: =F76*G76*H76*I76 -> 1 | W76: =SUM(K76:V76) -> 0
F77: 1 | G77: 1 | H77: 1 | I77: 1 | J77: =F77*G77*H77*I77 -> 1 | W77: =SUM(K77:V77) -> 0
C78: Sub-Total | J78: =SUM(J75:J77) -> 3 | K78: =SUM(K74:K77) -> 0 | L78: =SUM(L74:L77) -> 0 | M78: =SUM(M74:M77) -> 0 | N78: =SUM(N74:N77) -> 0 | O78: =SUM(O74:O77) -> 0 | P78: =SUM(P74:P77) -> 0 | Q78: =SUM(Q74:Q77) -> 0 | R78: =SUM(R74:R77) -> 0 | ... W78: =SUM(W74:W77) -> 0
C79: Sub-Total:Activities | J79: =J66+J53+J36+J24+J17+J73+J70+J78 -> 46 | K79: =K66+K53+K36+K24+K17+K73+K70+K78 -> 0 | L79: =L66+L53+L36+L24+L17+L73+L70+L78 -> 0 | M79: =M66+M53+M36+M24+M17+M73+M70+M78 -> 0 | N79: =N66+N53+N36+N24+N17+N73+N70+N78 -> 0 | O79: =O66+O53+O36+O24+O17+O73+O70+O78 -> 0 | P79: =P66+P53+P36+P24+P17+P73+P70+P78 -> 0 | Q79: =Q66+Q53+Q36+Q24+Q17+Q73+Q70+Q78 -> 0 | ... W79: =W66+W53+W36+W24+W17+W73+W70+W78 -> 0
B80: Sub-Grantee Administration Cost
C81: Activity 8 : XXXX | D81: SG- Administrative Cost - Personnel | W81: =SUM(K81:V81) -> 0
C82: Chief Excecutive Officer | F82: 1 | G82: 1 | H82: 1 | I82: 1 | J82: =F82*G82*H82*I82 -> 1 | W82: =SUM(K82:V82) -> 0
F83: 1 | G83: 1 | H83: 1 | I83: 1 | J83: =F83*G83*H83*I83 -> 1 | W83: =SUM(K83:V83) -> 0
F84: 1 | G84: 1 | H84: 1 | I84: 1 | J84: =F84*G84*H84*I84 -> 1 | W84: =SUM(K84:V84) -> 0
F85: 1 | G85: 1 | H85: 1 | I85: 1 | J85: =F85*G85*H85*I85 -> 1 | W85: =SUM(K85:V85) -> 0
F86: 1 | G86: 1 | H86: 1 | I86: 1 | J86: =F86*G86*H86*I86 -> 1 | W86: =SUM(K86:V86) -> 0
F87: 1 | G87: 1 | H87: 1 | I87: 1 | J87: =F87*G87*H87*I87 -> 1 | W87: =SUM(K87:V87) -> 0
C88: Sub-Total | J88: =SUM(J82:J87) -> 6 | K88: =SUM(K81:K87) -> 0 | L88: =SUM(L81:L87) -> 0 | M88: =SUM(M81:M87) -> 0 | N88: =SUM(N81:N87) -> 0 | O88: =SUM(O81:O87) -> 0 | P88: =SUM(P81:P87) -> 0 | Q88: =SUM(Q81:Q87) -> 0 | R88: =SUM(R81:R87) -> 0 | ... W88: =SUM(W81:W87) -> 0
C89: Activity 9 : XXXX | D89: SG- Administrative Cost - Office Running | W89: =SUM(K89:V89) -> 0
C90: Office Supplies | F90: 1 | G90: 1 | H90: 1 | I90: 1 | J90: =F90*G90*H90*I90 -> 1 | W90: =SUM(K90:V90) -> 0
F91: 1 | G91: 1 | H91: 1 | I91: 1 | J91: =F91*G91*H91*I91 -> 1 | W91: =SUM(K91:V91) -> 0
F92: 1 | G92: 1 | H92: 1 | I92: 1 | J92: =F92*G92*H92*I92 -> 1 | W92: =SUM(K92:V92) -> 0
F93: 1 | G93: 1 | H93: 1 | I93: 1 | J93: =F93*G93*H93*I93 -> 1 | W93: =SUM(K93:V93) -> 0
F94: 1 | G94: 1 | H94: 1 | I94: 1 | J94: =F94*G94*H94*I94 -> 1 | W94: =SUM(K94:V94) -> 0
F95: 1 | G95: 1 | H95: 1 | I95: 1 | J95: =F95*G95*H95*I95 -> 1 | W95: =SUM(K95:V95) -> 0
F96: 1 | G96: 1 | H96: 1 | I96: 1 | J96: =F96*G96*H96*I96 -> 1 | W96: =SUM(K96:V96) -> 0
F97: 1 | G97: 1 | H97: 1 | I97: 1 | J97: =F97*G97*H97*I97 -> 1 | W97: =SUM(K97:V97) -> 0
F98: 1 | G98: 1 | H98: 1 | I98: 1 | J98: =F98*G98*H98*I98 -> 1 | W98: =SUM(K98:V98) -> 0
F99: 1 | G99: 1 | H99: 1 | I99: 1 | J99: =F99*G99*H99*I99 -> 1 | W99: =SUM(K99:V99) -> 0
F100: 1 | G100: 1 | H100: 1 | I100: 1 | J100: =F100*G100*H100*I100 -> 1 | W100: =SUM(K100:V100) -> 0
F101: 1 | G101: 1 | H101: 1 | I101: 1 | J101: =F101*G101*H101*I101 -> 1 | W101: =SUM(K101:V101) -> 0
C102: Sub-Total | J102: =SUM(J90:J101) -> 12 | K102: =SUM(K89:K101) -> 0 | L102: =SUM(L89:L101) -> 0 | M102: =SUM(M89:M101) -> 0 | N102: =SUM(N89:N101) -> 0 | O102: =SUM(O89:O101) -> 0 | P102: =SUM(P89:P101) -> 0 | Q102: =SUM(Q89:Q101) -> 0 | R102: =SUM(R89:R101) -> 0 | ... W102: =SUM(W89:W101) -> 0
C103: Sub-Total - SG Admin | J103: =J102+J78+J88 -> 21 | K103: =K102+K78+K88 -> 0 | L103: =L102+L78+L88 -> 0 | M103: =M102+M78+M88 -> 0 | N103: =N102+N78+N88 -> 0 | O103: =O102+O78+O88 -> 0 | P103: =P102+P78+P88 -> 0 | Q103: =Q102+Q78+Q88 -> 0 | ... W103: =W102+W78+W88 -> 0
...

Sheet Project Outcomes 
B1: Project Outcomes
B2: Outcome 1: Community Awareness, Health Literacy and Demand Creation
B3: Outcome 2: Community Identification, Referral and Continuity of Care
B4: Outcome 3: Community Participation, Partnerships and Male Engagement
B5: Outcome 4: Gender- and Climate-Responsive Community Engagement
B6: Outcome 5: Accountability, Learning and Adaptive Programming
